 Dungeon Crawl Stone Soup version 0.31-a0-229-g1fc7ce93e2 (webtiles) character file.

Game seed: 5065393267838276989

82 qw the Shooter (level 4, -4/26 HPs)
             Began as a Gargoyle Hexslinger on July 6, 2023.
             Killed from afar by Sigmund (9 damage)
             ... with a magic dart
             ... on level 2 of the Dungeon.
             The game lasted 00:00:38 (1403 turns).

qw the Shooter (Gargoyle Hexslinger)                Turns: 1403, Time: 00:00:39

Health: -4/26      AC:  6    Str: 12    XL:     4   Next: 43%
Magic:  5/5        EV: 12    Int: 13    God:
Gold:   218        SH:  0    Dex: 14    Spells: 4/5 levels left

rFire   . . .        Y - +2 sling
rCold   . . .        (no shield)
rNeg    + . .        c - +0 robe
rPois   inf          (no helmet)
rElec   +            (no cloak)
rCorr   .            f - +0 pair of gloves
SInv    .            (no boots)
Will    .....        (no amulet)
Stlth   +            (no ring)
HPRegen 0.24/turn    (no ring)
MPRegen 0.09/turn

%: no passive effects
@: confused
A: sickness immunity, AC +3, negative energy resistance 1, electricity
resistance, torment resistance 1, petrification resistance
a: no special abilities


You were on level 2 of the Dungeon.
You visited 1 branch of the dungeon, and saw 4 of its levels.

You collected 218 gold pieces.


Innate Abilities, Weirdness & Mutations

You are immune to sickness and miasma.
Your stone body is resilient. (AC +3)
You are immune to poison.
You resist negative energy. (rN+)
You are resistant to electric shocks. (rElec)
You are resistant to unholy torment.
You are immune to petrification.


   Skills:
 - Level 2.0 Fighting
 + Level 4.2 Ranged Weapons
 - Level 1.5 Dodging
 - Level 1.0 Spellcasting
 - Level 2.6 Hexes


You had 4 spell levels left.
You knew the following spells:

 Your Spells              Type           Power      Damage    Failure   Level
a - Slow                  Hex            28%        N/A       10%         1

Your spell library contained the following spells:

 Spells                   Type           Power      Damage    Failure   Level
 Inner Flame              Hex/Fire       4%         N/A       43%         3
 Portal Projectile        Hex/Tloc       8%         N/A       43%         3
 Cause Fear               Hex            3%         N/A       67%         4

Inventory:

Hand Weapons
 Y - a +2 sling (weapon)
Armour
 c - a +0 robe (worn)
 f - a +0 pair of gloves (worn)
Potions
 d - a potion of curing
 e - a potion of degeneration {unknown}
 h - a potion of brilliance {unknown}

Dungeon Overview and Level Annotations

Branches:
Dungeon (4/15)
 Temple: D:4-7

Altars:
Ashenzari

Annotations:
D:2 Sigmund


Message History

You shoot a sling bullet. The sling bullet hits Sigmund.
Sigmund is heavily wounded.
Sigmund casts a spell at you. The puff of flame misses you.
You shoot a sling bullet.
The sling bullet completely misses Sigmund.
Sigmund hits you from afar with a +2 scythe of protection!
You shoot a sling bullet. The sling bullet barely misses Sigmund.
Sigmund hits you from afar with a +2 scythe of protection.
You shoot a sling bullet.
The sling bullet hits Sigmund but does no damage.
Sigmund is heavily wounded.
Sigmund hits you but does no damage.
You shoot a sling bullet.
The sling bullet hits Sigmund but does no damage.
Sigmund is heavily wounded.
Sigmund closely misses you.
You shoot a sling bullet. The sling bullet barely misses Sigmund.
You shoot a sling bullet. The sling bullet hits Sigmund.
Sigmund is severely wounded.
Sigmund hits you from afar with a +2 scythe of protection.
You shoot a sling bullet.
The sling bullet hits Sigmund but does no damage.
Sigmund is severely wounded.
Sigmund mumbles some strange words.
Sigmund flickers and vanishes!
Deactivating autopickup; reactivate with Ctrl-A.
You shoot a sling bullet. Something hits you.
You shoot a sling bullet. Something hits you but does no damage.
You shoot a sling bullet.
You hear some strange, mumbled words.
You are confused.
You shoot a sling bullet. Something hits you but does no damage.
You shoot a sling bullet.
A magic dart appears from out of thin air!
The magic dart hits you!
You die...

#. #####.... #.
#............# #.
#............# #.
#............####.
#............#....
#..{.........#....
#............#....
#@...........#....
#............#####
#.....###..### #.....#
##..## ########[^...#
##..# # #............#
##.## #
#########...........##
#..####
#...................#
##.#...
#..................##
#..>..#


There were no monsters in sight!

Vanquished Creatures
  A howler monkey (D:4)
  A worm (D:4)
  A dart slug (D:4)
  5 ball pythons
  5 endoplasms
  2 giant cockroaches (D:1)
  5 goblins
  3 hobgoblins (D:1)
  2 kobolds
  2 quokkas
  4 bats
  5 frilled lizards
36 creatures vanquished.

Notes
Turn   | Place    | Note
-------+----------+-------------------------------------------
     0 | D:1      | qw the Gargoyle Hexslinger began the quest for the Orb.
     0 | D:1      | Reached XP level 1. HP: 12/12 MP: 2/2
     0 | D:1      | 0 ||| qw: Version: 0.3-a-46-gb1f654a
     0 | D:1      | 0 ||| qw: Game counter: 1254
     0 | D:1      | 0 ||| qw: Melee chars always use a shield: true
     0 | D:1      | 0 ||| qw: God list: Okawaru
     0 | D:1      | 0 ||| qw: Allow faded altars: false
     0 | D:1      | 0 ||| qw: Do Orc after clearing Dungeon:15 true
     0 | D:1      | 0 ||| qw: Do second Lair branch before Depths: true
     0 | D:1      | 0 ||| qw: Lair rune preference: random
     0 | D:1      | 0 ||| qw: Goals: Normal
     0 | D:1      | 0 ||| PLANNING D:1-11
   284 | D:1      | Reached XP level 2. HP: 16/16 MP: 3/3
   387 | D:1      | Reached skill level 3 in Ranged Weapons
   791 | D:1      | 791 ||| UPGRADING to +0 pair of gloves.
   796 | D:1      | 796 ||| READING scroll labelled YDETIKHL YWOSU.
   808 | D:1      | 808 ||| READING scroll labelled ECHA BALOJ.
   813 | D:1      | 813 ||| READING scroll labelled KINAPPUKKE.
   814 | D:1      | 814 ||| DRINKING 2 fuming coppery potions.
   815 | D:1      | 815 ||| DRINKING 2 murky amethyst potions.
   816 | D:1      | 816 ||| DROPPING scroll of poison.
   817 | D:1      | 817 ||| DROPPING potion of invisibility.
   875 | D:2      | Found a faded altar of an unknown god.
   924 | D:2      | Found a broken altar of Ashenzari.
   933 | D:2      | Reached XP level 3. HP: 21/21 MP: 4/4
  1085 | D:2      | You fall into a shaft and drop 2 floors!
  1095 | D:4      | Reached skill level 4 in Ranged Weapons
  1095 | D:4      | Reached XP level 4. HP: 22/26 MP: 5/5
  1250 | D:4      | 1250 ||| DROPPING scarf of shadows.
  1251 | D:4      | 1251 ||| READING scroll labelled ACIDIS JYCKA.
  1252 | D:4      | 1252 ||| READING scroll labelled GULAECZIAR.
  1253 | D:4      | 1253 ||| READING scroll labelled ZOUPHA TESIUSI.
  1259 | D:4      | 1259 ||| FLEEEEING.
  1260 | D:4      | 1260 ||| FLEEEEING.
  1261 | D:4      | 1261 ||| STAIRDANCE
  1384 | D:2      | Noticed Sigmund
  1397 | D:2      | HP: 5/26 [Sigmund/+2 scythe of protection (5)]
  1403 | D:2      | Killed from afar by Sigmund

Levels and vault maps discovered:
D:1:      arrival_zaba_pyramid, layout_basic, minivault_11,
          grunt_decor_mini_mirrors, minmay_tromino_mix6
D:2:      layout_basic, chequers_ecumenical_altar_simple_redux, basic_altar,
          uniq_sigmund
D:3:      layout_rooms, general_overflow_altar,
          mainiacjoe_overflow_tiny_flanked, biasface_ghost_orc_armoury,
          serial_shops, nicolae_shop_getting_attention, minmay_misc_feat_doors
D:4:      layout_basic

Skill      XL: |  1  2  3 |
---------------+----------+-----
Ranged Weapons | 3 4 |  4.2
Fighting       | 2 |  2.0
Dodging        | |  1.5
Spellcasting   | |  1.0
Hexes          | |  2.6

Action                     |  1- 3 |  4- 6 || total
---------------------------+-------+-------++-------
   Fire: Sling             |   112 |    50 ||   162
    Use: Scroll            |     3 |     3 ||     6
         Potion            |     2 |       ||     2
 Armour: Robe              |    23 |     6 ||    29
  Dodge: Dodged            |    53 |     6 ||    59

Table legend:
 A = Non-vault XP
 B = Vault XP
 C = Vault XP percentage of total XP
 D = Non-vault monster count
 E = Vault monster count
 F = Vault count percentage of total count
                 A         B        C        D         E       F
            +---------+---------+-------+---------+---------+-------
      Total |     114 |       4 |   3.4 |      34 |       2 |   5.6
            +---------+---------+-------+---------+---------+-------
        D:1 |      26 |       4 |  13.3 |      16 |       2 |  11.1
        D:2 |      15 |       0 |   0.0 |       9 |       0 |   0.0
        D:3 |       3 |       0 |   0.0 |       2 |       0 |   0.0
        D:4 |      70 |       0 |   0.0 |       7 |       0 |   0.0
            +---------+---------+-------+---------+---------+-------
